 Dungeon Sprint DCSS version 0.18.1-6-gd335043 (webtiles) character file.

1685 Hipnos the Unseen (level 8, 0/39 HPs)
             Began as a Spriggan Enchanter on May 20, 2016.
             Was an Elder of Sif Muna.
             Slain by a kobold demonologist
             ... wielding a +0 dagger
              (1 damage)
             ... while paralysed by a giant eyeball
             ... in the Dungeon (Sprint I: "Red Sonja").
             The game lasted 00:03:05 (672 turns).

Hipnos the Unseen (Spriggan Enchanter)               Turns: 672, Time: 00:03:06

Health: 0/39       AC:  3    Str:  4    XL:     8   Next: 71%
Magic:  12/21      EV:  4    Int: 19    God:    Sif Muna [****..]
Gold:   638        SH:  0    Dex: 16    Spells: 3 memorised, 18 levels left

rFire  . . .     SeeInvis +     a - +1 dagger
rCold  . . .     Gourm    .     b - +1 robe
rNeg   . . .     Faith    .     (shield restricted)
rPois  .         Spirit   .     (helmet restricted)
rElec  .         Dismiss  .     (no cloak)
rCorr  .         Reflect  .     (gloves unavailable)
SustAt .         Harm     .     (boots unavailable)
MR     +....     NoTele   +     (no amulet)
Stlth  ++++++++..               (no ring)
                                (no ring)

@: paralysed, very quick, somewhat resistant to hostile enchantments,
extraordinarily stealthy
A: unfitting armour, see invisible, herbivore 3, speed 3, slow metabolism 2
a: Channel Energy, Forget Spell, Renounce Religion


You were in the Dungeon.
You worshipped Sif Muna.
Sif Muna was greatly pleased with you.
You were not hungry.

You visited 1 branch You collected 638 gold pieces.

Inventory:

Hand Weapons
 a - a +1 dagger (weapon)
Armour
 b - a +1 robe (worn)
Wands
 i - a wand of random effects (35/48)
 k - a wand of slowing (5/48)
 l - a wand of iceblast (4/15)
Scrolls
 j - a scroll of blinking
 m - a scroll of identify {unknown}
Potions
 e - 2 potions of curing
 f - a potion of heal wounds
 g - a potion of haste
 h - 2 potions of magic
Books
 c - a book of Maledictions

   Spells                             Type                      Level
   a - Corona                         Hexes                        1
   b - Ensorcelled Hibernation        Hexes/Ice                    2
   c - Confuse                        Hexes                        3
   d - Tukima's Dance                 Hexes                        3
   e - Dazzling Spray                 Conjuration/Hexes            3
Comestibles
 d - a bread ration


   Skills:
 + Level 1.8 Fighting
 + Level 2.5 Short Blades
 + Level 6.4 Dodging
 * Level 18.0 Stealth
 + Level 8.9 Spellcasting
 * Level 13.8 Hexes
 + Level 3.4 Ice Magic


You had 18 spell levels left.
You knew the following spells:

 Your Spells              Type           Power        Failure   Level  Hunger
a - Corona                Hex            ######.      1%          1    None
b - Ensorcelled Hibernat  Hex/Ice        #####.       1%          2    None
c - Confuse               Hex            ######..     1%          3    None


Dungeon Overview and Level Annotations

Branches:
Dungeon (1/1)

Altars:
Cheibriados
Dithmenos
Elyvilon
Fedhas
Gozag
Kikubaaqudgha
Makhleb
Nemelex Xobeh
Okawaru
Pakellas
Qazlal
Ru
Sif Muna
Trog
Vehumet
Xom
Yredelemnul
Zin
The Shining One
Jiyva

Shops:
D %[


Innate Abilities, Weirdness & Mutations

You are tiny and cannot use many weapons and most armour.
You have supernaturally acute eyesight.
You are a herbivore.
You cover ground extremely quickly.
You need consume almost no food.


Message History

The giant eyeball view fixates on you.
The shadow imp hits you but does no damage.
The white imp misses you. The kobold demonologist misses you.
Casting: Ensorcelled Hibernation
Confirm with . or Enter, or press ? or * to list all spells.
Aiming: Ensorcelled Hibernation
Press: ? - help, Shift-Dir - straight line, f/p - kobold demonologist
Aim: a kobold demonologist, wielding a dagger and wearing a robe (chance to defeat MR: 50%)
The kobold demonologist looks drowsy...
The giant eyeball gazes piercingly through you!
You suddenly lose the ability to move!
The shadow imp hits you. The white imp hits you. The white imp freezes you.
The shadow imp hits you. The white imp hits you. The white imp freezes you.
* * * LOW HITPOINT WARNING * * *
The shadow imp barely misses you. The white imp hits you.
* * * LOW HITPOINT WARNING * * *
The white imp freezes you.
* * * LOW HITPOINT WARNING * * *
The kobold demonologist hits you with a dagger.
You die...

######################
.)'..#..'..#__#55KG5.#
..#.)'..#..'..'.@#35.#
####'#####'#__#### K.+
###..#...#(#### ##
__####..##.#
_.___##'#..+
_.∩...'..._#
_..._##_.#'##+###
_____###'#.#([)(###
########.####'###.##


You could see a kobold demonologist, a giant eyeball, a white imp and 2 shadow
imps.

Vanquished Creatures
  Sonja (D)
  A deep troll (D)
  A slime creature (D)
  Sigmund (D)
  A yak (D)
  An ogre (D)
  A jelly (D)
  Ijyb (D)
8 creatures vanquished.

Vanquished Creatures (others)
  A gargoyle (D)
1 creature vanquished.

Grand Total: 9 creatures vanquished

Notes
Turn   | Place    | Note
--------------------------------------------------------------
     0 | D        | Hipnos the Spriggan Enchanter began the quest for the Orb.
     0 | D        | Reached XP level 1. HP: 9/9 MP: 5/5
     1 | D        | Noticed Ijyb
    11 | D        | Killed Ijyb
    11 | D        | Reached skill level 7 in Stealth
    11 | D        | Reached skill level 5 in Hexes
    11 | D        | Reached XP level 2. HP: 10/13 MP: 7/7
   132 | D        | Learned a level 2 spell: Ensorcelled Hibernation
   134 | D        | Noticed an ogre
   136 | D        | Killed an ogre
   136 | D        | Reached skill level 10 in Stealth
   136 | D        | Reached XP level 3. HP: 16/16 MP: 7/9
   136 | D        | Reached XP level 4. HP: 21/21 MP: 8/11
   151 | D        | Learned a level 3 spell: Confuse
   153 | D        | Noticed Sigmund
   169 | D        | Killed Sigmund
   169 | D        | Reached skill level 12 in Stealth
   169 | D        | Reached skill level 5 in Spellcasting
   169 | D        | Reached skill level 10 in Hexes
   169 | D        | Reached XP level 5. HP: 6/25 MP: 0/13
   345 | D        | Killed a gargoyle
   419 | D        | Found a deep blue altar of Sif Muna.
   421 | D        | Found a radiant altar of Vehumet.
   425 | D        | Became a worshipper of Sif Muna the Loreminder
   430 | D        | Reached skill level 5 in Dodging
   430 | D        | Reached skill level 1 in Ice Magic
   430 | D        | Reached XP level 6. HP: 29/29 MP: 5/15
   455 | D        | Found Ususiofedgh's Food Emporium.
   455 | D        | Found a white marble altar of Elyvilon.
   455 | D        | Found a stormy altar of Qazlal.
   455 | D        | Found a burning altar of Makhleb.
   455 | D        | Found a sacrificial altar of Ru.
   455 | D        | Found an oddly glowing altar of Pakellas.
   455 | D        | Found a basalt altar of Yredelemnul.
   455 | D        | Found a glowing golden altar of the Shining One.
   455 | D        | Found a sparkling altar of Nemelex Xobeh.
   455 | D        | Found a shimmering altar of Xom.
   455 | D        | Found an opulent altar of Gozag.
   455 | D        | Found an ancient bone altar of Kikubaaqudgha.
   455 | D        | Found a glowing silver altar of Zin.
   455 | D        | Noticed a yak
   460 | D        | Killed a yak
   460 | D        | Reached * piety under Sif Muna
   460 | D        | Reached skill level 1 in Fighting
   460 | D        | Reached skill level 14 in Stealth
   461 | D        | Found an iron altar of Okawaru.
   462 | D        | Found a bloodstained altar of Trog.
   570 | D        | Found a snail-covered altar of Cheibriados.
   570 | D        | Found a viscous altar of Jiyva.
   570 | D        | Found a shadowy altar of Dithmenos.
   570 | D        | Found a blossoming altar of Fedhas.
   570 | D        | Noticed a slime creature
   573 | D        | Killed a slime creature
   573 | D        | Reached ** piety under Sif Muna
   573 | D        | Reached XP level 7. HP: 33/33 MP: 13/18
   580 | D        | Noticed Sonja
   584 | D        | Killed Sonja
   584 | D        | Reached *** piety under Sif Muna
   584 | D        | Reached skill level 16 in Stealth
   584 | D        | Reached XP level 8. HP: 37/37 MP: 15/21
   597 | D        | Noticed a deep troll
   601 | D        | Killed a deep troll
   601 | D        | Reached **** piety under Sif Muna
   601 | D        | Reached skill level 18 in Stealth
   612 | D        | Found Ritzy's Armour Emporium.
   660 | D        | Noticed a kobold demonologist
   661 | D        | Noticed a kobold demonologist
   664 | D        | Paralysed by a giant eyeball for 2 turns
   670 | D        | Paralysed by a giant eyeball for 4 turns
   672 | D        | HP: 1/39 [white imp[a kobold demonologist] (4)]
   672 | D        | Slain by a kobold demonologist

Skill      XL: |  1  2  3  4  5  6  7  8 |
---------------+-------------------------+-----
Stealth        | 7 10 12 14 16 18 | 18.0
Spellcasting   | 3 4 5 6 8 |  8.9
Hexes          | 5 8 10 11 13 | 13.8
Dodging        | 4 5 6 |  6.4
Ice Magic      | 1 2 3 |  3.4
Fighting       | 1 |  1.8
Short Blades   | 2 |  2.5

Action                   |  1- 3 |  4- 6 |  7- 9 || total
-------------------------+-------+-------+-------++-------
Melee: Dagger            |     8 |    10 |     4 ||    22
 Cast: Ensorcelled Hiber |       |    11 |     3 ||    14
       Confuse           |       |     1 |     2 ||     3
  Use: Potion            |     1 |       |       ||     1
 Stab: Sleeping          |     2 |     4 |     2 ||     8
Armor: Robe              |     2 |     1 |     1 ||     4
Dodge: Dodged            |     3 |     6 |     7 ||    16
